 Dungeon Crawl Stone Soup version 0.26-a0-834-g69557b85cc (webtiles) character file.

Game seed: 2299837829999657017

68 robertstho the Firebug (level 4, -5/24 HPs)
             Began as a Deep Elf Fire Elementalist on Nov 16, 2020.
             Splashed by a jelly's acid (8 damage)
             ... on level 2 of the Dungeon.
             The game lasted 00:03:48 (2311 turns).

robertstho the Firebug (Deep Elf Fire Elementalist) Turns: 2311, Time: 00:03:49

Health: -5/24      AC:  2    Str:  5    XL:     4   Next: 1%
Magic:  7/11       EV: 13    Int: 21    God:
Gold:   51         SH:  0    Dex: 15    Spells: 9/10 levels left

rFire    . . .     SeeInvis .   o - +2 dagger (vamp)
rCold    . . .     Faith    .   (no shield)
rNeg     . . .     Spirit   .   a - +0 robe
rPois    .         Reflect  .   (no helmet)
rElec    .         Harm     .   (no cloak)
rCorr    .         Rampage  .   (no gloves)
MR       .....                  (no boots)
Stlth    ++........             (no amulet)
HPRegen  0.08/turn              (no ring)
MPRegen  0.12/turn              (no ring)

@: no status effects
A: no striking features
a: no special abilities


You were on level 2 of the Dungeon.
You visited 1 branch of the dungeon, and saw 2 of its levels.

You collected 51 gold pieces.

Inventory:

Hand Weapons
 b - a +0 short sword
 l - a +4 dagger
 o - a +2 vampiric dagger (weapon)
Armour
 a - a +0 robe (worn)
Jewellery
 j - an uncursed amulet of faith {unknown}
Wands
 i - a wand of iceblast (7)
Scrolls
 c - 2 scrolls of identify {unknown}
 d - a scroll of teleportation {unknown}
 e - 4 scrolls of remove curse {unknown}
 g - a scroll of fear {unknown}
 h - a scroll of enchant armour {unknown}
 m - a scroll of magic mapping {unknown}
Potions
 f - a potion of curing {unknown}
 k - a potion of degeneration {unknown}
 n - a potion of lignification {unknown}


   Skills:
 + Level 0.1 Fighting
 + Level 2.6 Dodging
 + Level 3.1 Stealth
 * Level 3.8 Spellcasting
 + Level 1.2 Conjurations
 * Level 4.5 Fire Magic


You had 9 spell levels left.
You knew the following spells:

 Your Spells              Type           Power        Failure   Level
a - Foxfire               Conj/Fire      ###.         3%          1

Your spell library contained the following spells:

 Spells                   Type           Power        Failure   Level
 Conjure Flame            Conj/Fire      ###.....     11%         3
 Inner Flame              Hex/Fire       ##......     14%         3
 Sticky Flame             Conj/Fire      ###.....     36%         4
 Fireball                 Conj/Fire      ###.......   71%         5


Dungeon Overview and Level Annotations

Branches:
Dungeon (2/15)

Altars:
Uskayaw


Message History

* * * LOW HITPOINT WARNING * * *
The foxfire hits the jelly.
The jelly is heavily wounded.
The foxfire hits the jelly.
The jelly is severely wounded.
Things that are here:
a +0 whip; a kobold corpse
Casting: Foxfire (safe; 3% risk of failure)
Confirm with . or Enter, or press ? or * to list all spells.
You conjure some foxfire!
The jelly barely misses you.
The foxfire hits the jelly.
The jelly is severely wounded.
The foxfire hits the jelly.
The jelly is almost dead.
Casting: Foxfire (safe; 3% risk of failure)
Confirm with . or Enter, or press ? or * to list all spells.
You conjure some foxfire!
The jelly hits you.
* * * LOW HITPOINT WARNING * * *
You are splashed with acid!
You die...

# #..#
########.##.#...#.#.
####.#
#....'..###.#####.##
.....#
#....######.### #.#
..8..#
#(......##....# #.#
....##
#.......##..#.# #.##
..8.#
#...)...##..#.# #.##
....#
#....)..##....# #.##
..8.#
##vJ...###....###.##
....# ##@ยง)##
#.......... ..###
##v')## ###..###.##
.## #...(.# ##.###.#
## ###.### #..##.#
#.# ##.##.# #.#
#..#.# ##
#.##########.#.# .#
#........# #...# .#
#########
######.#.####..#


You could see a jelly.

Vanquished Creatures
  An adder (D:2)
  An ooze (D:2)
  A worm (D:2)
  4 dart slugs
  2 leopard geckos (D:2)
  A ball python (D:1)
  A giant cockroach (D:1)
  3 goblins (D:1)
  5 hobgoblins
  2 jackals (D:1)
  A quokka (D:2)
  3 bats (D:1)
  A frilled lizard (D:2)
  10 kobolds
  5 rats
41 creatures vanquished.

Vanquished Creatures (others)
  93 foxfires
  5 toadstools (D:2)
98 creatures vanquished.

Grand Total: 139 creatures vanquished

Notes
Turn   | Place    | Note
-------+----------+-------------------------------------------
     0 | D:1      | robertstho the Deep Elf Fire Elementalist began the quest
                  | for the Orb.
     0 | D:1      | Reached XP level 1. HP: 10/10 MP: 6/6
   139 | D:1      | Reached XP level 2. HP: 13/15 MP: 4/8
   328 | D:1      | Reached skill level 4 in Fire Magic
  1047 | D:2      | Reached XP level 3. HP: 12/19 MP: 4/9
  2062 | D:2      | Found a hide-covered altar of Uskayaw.
  2218 | D:2      | Reached XP level 4. HP: 24/24 MP: 4/11
  2311 | D:2      | Splashed by a jelly's acid

Illustrated notes

Levels and vault maps discovered:
D:1:      sevenhm_arrival_forest_fort_small_6, layout_loops_cross
D:2:      cheibrodos_fertilizer, layout_basic, eat_drink_and_be_merry_uskayaw

Skill      XL: |  1  2  3 |
---------------+----------+-----
Fire Magic     | 4 |  4.5
Stealth        | 3 |  3.1
Fighting       | |  0.1
Dodging        | |  2.6
Spellcasting   | |  3.8
Conjurations   | |  1.2

Action                   |  1- 3 |  4- 6 || total
-------------------------+-------+-------++-------
Melee: Unarmed           |     1 |       ||     1
       Short sword       |    27 |       ||    27
       Dagger            |     9 |    11 ||    20
 Cast: Foxfire           |    58 |     4 ||    62
 Stab: Sleeping          |     7 |       ||     7
Armor: Robe              |     8 |     2 ||    10
Dodge: Dodged            |    37 |     9 ||    46

Table legend: (Time is in decaauts)
 A = Elapsed time spent in this place.
 B = Non-inter-level travel time spent in this place.
 C = Inter-level travel time spent in this place.
 D = Time resting spent in this place.
 E = Time spent auto-exploring this place.
 F = Levels seen in this place.
 G = Mean time per level.
                   A        B        C        D        E       F      G
               +--------+--------+--------+--------+--------+-----+--------+
         Total |   2312 |   2266 |     46 |    174 |   1752 |   2 | 1156.0 |
       Dungeon |   2312 |   2266 |     46 |    174 |   1752 |   2 | 1156.0 |
               +--------+--------+--------+--------+--------+-----+--------+

Top non-repeatable levels by time:
     D:2: 1276 daAuts
     D:1: 1035 daAuts
